 Dungeon Crawl Stone Soup version 0.32-a0-986-ga09f62fbf4 (webtiles) character file.

Game seed: 15488796420993896096

4835 jasper the Destroyer (level 10, -1/59 HPs)
             Began as a Tengu Conjurer on Apr 21, 2024.
             Was a Believer of Vehumet.
             Slain by Maurice
             ... wielding a +0 short sword
              (3 damage)
             ... on level 8 of the Dungeon.
             The game lasted 00:16:23 (11039 turns).

jasper the Destroyer (Tengu Conjurer)              Turns: 11039, Time: 00:16:24

Health: -1/59      AC:  3    Str:  7    XL:     10   Next: 49%
Magic:  1/15       EV: 32    Int: 22    God:    Vehumet [**....]
Gold:   0          SH:  0    Dex: 14    Spells: 4/15 levels left

rFire   . . .        o - +4 dagger (venom)
rCold   + . .        (no shield)
rNeg    + . .        E - +0 robe {rN+}
rPois   +            (helmet restricted)
rElec   .            (no cloak)
rCorr   .            r - +0 pair of gloves
SInv    .            (boots unavailable)
Will    .....        (no amulet)
Stlth   ++           l - ring of protection from cold
HPRegen 0.29/turn    z - ring of poison resistance
MPRegen 0.14/turn

%: acrobat
@: mighty, acrobatic, flying
A: beak, talons 3, evasive flight, acrobatic
a: Renounce Religion


You were on level 8 of the Dungeon.
You worshipped Vehumet.
Vehumet was pleased with you.
You visited 2 branches of the dungeon, and saw 10 of its levels.

You collected 359 gold pieces.
You spent 359 gold pieces at shops.

Inventory:

Hand Weapons
 f - a +0 short sword of flaming
 i - a +0 short sword of draining
 o - a +4 dagger of venom (weapon)
 A - a +2 hand axe of venom
Missiles
 D - 6 javelins
 H - 6 poisoned darts
Armour
 a - a +0 robe
 r - a +0 pair of gloves (worn)
 E - a +0 robe of positive energy (worn)
Jewellery
 l - a ring of protection from cold (left hand)
 q - a +6 ring of dexterity
 z - a ring of poison resistance (right hand)
 F - a ring of resist corrosion
Wands
 y - a wand of mindburst (16)
 B - a wand of polymorph (12)
 C - a wand of quicksilver (5)
Scrolls
 d - 2 scrolls of revelation
 p - 3 scrolls of enchant weapon
 s - 2 scrolls of brand weapon
 w - 2 scrolls of amnesia
Potions
 e - 4 potions of degeneration
 h - a potion of heal wounds {unknown}
 j - 2 potions of might
 k - 2 potions of lignification {unknown}
 m - 2 potions of curing {unknown}
 t - 2 potions of attraction {unknown}
 v - a potion of mutation {unknown}
 x - 3 potions of haste {unknown}
 G - a potion of brilliance {unknown}


   Skills:
 - Level 5.0 Fighting
 - Level 5.0 Dodging
 - Level 2.0 Stealth
 - Level 3.0 Spellcasting
 - Level 10.0 Conjurations
 - Level 3.0 Translocations
 - Level 4.0 Alchemy
 + Level 8.4 Shapeshifting


You had 4 spell levels left.
You knew the following spells:

 Your Spells              Type           Power      Damage    Failure   Level
a - Magic Dart            Conj           100%       1d8       1%          1
b - Searing Ray           Conj           94%        2d7       1%          2
c - Fulminant Prism       Conj/Alch      17%        3d10      7%          4
d - Iskenderun's Mystic Conj/Tloc 31%            2d8        (+2d4     9%          4

Your spell library contained the following spells:

 Spells                   Type           Power      Damage    Failure   Level
 Sandblast                Erth           6%         2d5       12%         1
 Jinxbite                 Hex            6%         N/A       19%         2
 Yara's Violent Unravell  Hex/Alch       6%         3d5       83%         5
 Enfeeble                 Hex            1%         N/A       100%        7


Dungeon Overview and Level Annotations

Branches:
Dungeon (9/15)             Temple (1/1) D:6
   Lair: D:8-11         Orc: D:9-12

Altars:
Ashenzari
Cheibriados
Dithmenos
Elyvilon
Fedhas
Gozag
Hepliaklqana
Kikubaaqudgha
Makhleb
Nemelex Xobeh
Okawaru
Qazlal
Ru
Sif Muna
Trog
Uskayaw
Vehumet
Wu Jian
Xom
Yredelemnul
Zin
The Shining One

Shops:
D:1 *

Annotations:
D:8 2 transporters, GiantSquids's ghost, journeyman CoHu; Maurice


Innate Abilities, Weirdness & Mutations

You have a beak for a mouth.
You have claws for feet.
Your magical flight helps you evade attacks. (EV +4)
You can magically evade attacks while moving or waiting.


Message History

You hear a zap.
You turn into a filthy swine.
Your +4 dagger of venom melds into your body.
Your +0 pair of gloves melds into your body.
Your +0 robe of positive energy melds into your body.
Your ring of protection from cold melds into your body.
Your ring of poison resistance melds into your body.
Your +4 dagger of venom stops dripping with poison.
You feel less protected from negative energy.
You miss something. Something hits you!
* * * LOW HITPOINT WARNING * * *
Something groans, "What are you, a monk?"
Something barely misses you.
You take 9 damage, and have 5/59 hp.
Your magical effects are unravelling.
You feel magically purged.
You feel less porcine.
Your +4 dagger of venom unmelds from your body.
Your +0 pair of gloves unmelds from your body.
Your +0 robe of positive energy unmelds from your body.
Your ring of protection from cold unmelds from your body.
Your ring of poison resistance unmelds from your body.
Your +4 dagger of venom begins to drip with poison!
You feel more protected from negative energy.
Something hits you.
* * * LOW HITPOINT WARNING * * *
Something grunts, "Curses!"
Something barely misses you.
You take 3 damage, and have 2/59 hp.
Okay, then.
It was a potion of might.
You feel very mighty all of a sudden.
You hear some strange, mumbled words.
Items here: ) [ ÷÷.
Something barely misses you. Something bites you.
* * * LOW HITPOINT WARNING * * *
Something drains your magic.
You take 1 damage, and have 2/59 hp.
Something hits you.
You die...

.# #.. ...
..#....'...†........ .#
#..##...##..#....##########.##
.# #.#..#.#..#.#....# #.#
.###....|OO...©#....# #.#
.################[.### #.##
.##.....©.©.....##>..# #...
.##.............##[#.# ####
.########..#######.#.### .#
##......@..#...# .#
#########.....## ## #.......#
##.......## #.........#
#._..⌠.._.# #.........#
##.......## #.......#


There were no monsters in sight!

Vanquished Creatures
  A two-headed ogre (D:9)
  Maggie (D:7)
  8 yaks
  A black bear (D:7)
  A sky beast (D:7)
  An orc warrior (D:8)
  An ogre (D:4)
  2 centaurs (D:7)
  3 kobold brigands
  4 bullfrogs
  Blork the orc (D:6)
  18 killer bees
  A howler monkey (D:8)
  2 hounds
  3 jellies
  5 orc priests
  2 gnoll boudas
  2 iguanas
  8 orc wizards
  12 gnolls
  4 adders
  A shadow imp (D:5)
  A white imp (D:6)
  3 dart slugs
  2 ribbon worms (D:2)
  43 orcs
  7 endoplasms
  10 giant cockroaches
  12 goblins
  5 hobgoblins
  4 jackals (D:4)
  22 kobolds
  4 quokkas
  4 ball pythons
  8 bats
  3 frilled lizards
  6 rats
216 creatures vanquished.

Vanquished Creatures (others)
  13 fulminant prisms
13 creatures vanquished.

Grand Total: 229 creatures vanquished

Notes
Turn   | Place    | Note
-------+----------+-------------------------------------------
     0 | D:1      | jasper the Tengu Conjurer began the quest for the Orb.
     0 | D:1      | Reached XP level 1. HP: 10/10 MP: 4/4
   236 | D:1      | Found a faded altar of an unknown god.
   246 | D:1      | Reached XP level 2. HP: 15/15 MP: 3/6
   341 | D:1      | Reached skill level 6 in Conjurations
   391 | D:1      | Learned a level 2 spell: Searing Ray
   723 | D:1      | Reached XP level 3. HP: 19/19 MP: 5/7
   865 | D:1      | Found Ratopes's Assorted Antiques.
  1345 | D:2      | Reached skill level 7 in Conjurations
  1476 | D:2      | Reached XP level 4. HP: 24/24 MP: 1/8
  1481 | D:2      | Learned a level 4 spell: Fulminant Prism
  2392 | D:3      | Reached skill level 1 in Alchemy
  2476 | D:3      | Reached XP level 5. HP: 28/28 MP: 3/9
  2864 | D:3      | Found a hide-covered altar of Uskayaw.
  2999 | D:3      | Found a blossoming altar of Fedhas.
  3270 | D:1      | Bought a scroll labelled NENYC JOUREANT for 23 gold pieces
  3270 | D:1      | Bought a scroll labelled OGHOESEU FIYSS for 23 gold pieces
  3270 | D:1      | Bought a scroll labelled TEUFAM OZEATZ for 23 gold pieces
  3270 | D:1      | Bought a yellow potion for 20 gold pieces
  3270 | D:1      | Bought a dark potion for 20 gold pieces
  3270 | D:1      | Bought a yellow potion for 20 gold pieces
  3507 | D:4      | Reached XP level 6. HP: 32/32 MP: 3/10
  3993 | D:4      | Reached skill level 8 in Conjurations
  4477 | D:5      | Entered Level 5 of the Dungeon
  4943 | D:5      | Gained mutation: Your magical flight helps you evade
                  | attacks. (EV +4) [Tengu growth]
  4943 | D:5      | Reached XP level 7. HP: 32/36 MP: 5/12
  4952 | D:5      | Learned a level 4 spell: Iskenderun's Mystic Blast
  5220 | D:5      | Reached skill level 1 in Translocations
  5763 | D:1      | Bought a diamond ring for 115 gold pieces
  6330 | D:6      | Noticed Blork the orc
  6336 | D:6      | Killed Blork the orc
  6337 | D:6      | Reached skill level 9 in Conjurations
  6337 | D:6      | Reached XP level 8. HP: 26/41 MP: 3/13
  6418 | D:6      | Found an ornate altar of the Wu Jian Council.
  6750 | D:6      | Found a staircase to the Ecumenical Temple.
  6759 | Temple   | Entered the Ecumenical Temple
  6769 | Temple   | Became a worshipper of Vehumet
  6838 | D:6      | Found a glowing silver altar of Zin.
  7183 | D:7      | Reached skill level 1 in Fighting
  7314 | D:1      | Bought a scratched bone ring for 115 gold pieces
  7428 | D:7      | Reached skill level 10 in Conjurations
  7658 | D:7      | Noticed Maggie
  8003 | D:7      | Reached skill level 5 in Dodging
  8025 | D:7      | Reached XP level 9. HP: 48/52 MP: 1/14
  8188 | D:7      | Killed Maggie
  8189 | D:7      | Reached skill level 5 in Fighting
  8205 | D:7      | Reached * piety under Vehumet
  8205 | D:7      | Offered knowledge of Foxfire by Vehumet.
  8671 | D:7      | Reached skill level 5 in Shapeshifting
  9502 | D:8      | Found a shadowy altar of Dithmenos.
  9502 | D:8      | Found a stormy altar of Qazlal.
  9521 | D:8      | Found a transporter.
  9522 | D:8      | Noticed GiantSquids's ghost (journeyman CoHu)
  9523 | D:8      | Found a transporter.
  9524 | D:8      | Identified the +2 dire flail of Disarray {speed, rF+ rC+
                  | rN+ Str-3}
  9524 | D:8      | Noticed a two-headed ogre
 10042 | D:9      | Noticed a two-headed ogre
 10046 | D:9      | Reached XP level 10. HP: 58/59 MP: 4/15
 10057 | D:9      | Killed a two-headed ogre
 10057 | D:9      | Reached ** piety under Vehumet
 10057 | D:9      | Offered knowledge of Sandblast by Vehumet.
 10060 | D:8      | HP: 2/59 [yak (14)]
 10678 | D:9      | Noticed Maurice
 11022 | D:9      | Maurice stole a ring of fire
 11023 | D:9      | Maurice stole a staff of earth
 11024 | D:9      | Maurice stole a serpent talisman
 11028 | D:8      | Maurice stole 10 javelins
 11030 | D:8      | Something stole 124 gold
 11034 | D:8      | HP: 2/59 [something (3)]
 11039 | D:8      | Slain by Maurice

Illustrated notes

Levels and vault maps discovered:
D:1:      dpeg_arrival_rooms_c, layout_basic,
          hellmonk_ecumenical_altar_crossroads, serial_shops,
          nicolae_shop_behind_doors, kennysheep_flooded_box
D:2:      layout_rooms, minmay_misc_feat_secret_circle, minmay_tetromino_l2
D:3:      layout_loops_ring, amcnicky_altar_gilded, fedhas_altar_3
D:4:      layout_cave_pods, minivault_11
D:5:      layout_basic
D:6:      layout_basic, pf_just_have_faith, kennysheep_little_box,
          minmay_temple_entry_statues_fountains, solitary_fountain,
          uniq_blork_the_orc
D:7:      layout_loops_cross, nicolae_ossuary_entry_plus,
          minmay_misc_feat_columns, uniq_maggie
D:8:      layout_basic, grunt_temple_overflow_open, gammafunk_ghost_smash,
          ebering_dispersal_statue_hall, kennysheep_generic_room_15
D:9:      layout_layer_cave, biasface_ghost_orc_armoury, serial_park_tiny_pond,
          glass_columns_b, chequers_serial_rivers_room_b, uniq_maurice
Temple:   nicolae_temple_slightly_damp_pantheon

Skill      XL: |  1  2  3  4  5  6  7  8  9 10 |
---------------+-------------------------------+-----
Conjurations   | 6 7 8 9 10 | 10.0
Alchemy        | 1 3 4 |  4.0
Spellcasting   | 3 |  3.0
Translocations | 3 |  3.0
Fighting       | 4 5 |  5.0
Dodging        | 5 |  5.0
Shapeshifting  | 6 8 |  8.4
Stealth        | |  2.0

Action                     |  1- 3 |  4- 6 |  7- 9 | 10-12 || total
---------------------------+-------+-------+-------+-------++-------
  Melee: Peck              |     1 |     3 |    15 |     4 ||    23
         Short sword       |     1 |       |       |       ||     1
         Dagger            |       |     7 |    55 |    24 ||    86
         Kick              |       |     1 |    17 |    11 ||    29
         Unarmed           |       |       |       |     2 ||     2
   Cast: Magic Dart        |    55 |   111 |   125 |    12 ||   303
         Searing Ray       |     5 |     9 |    29 |     7 ||    50
         Fulminant Prism   |       |     1 |     9 |     3 ||    13
         Iskenderun's Myst |       |       |    14 |    11 ||    25
Ability: Begin Untransform |       |     1 |       |       ||     1
  Evoke: Wand              |       |       |     4 |     5 ||     9
    Use: Scroll            |       |    10 |     4 |       ||    14
         Potion            |       |       |     1 |     3 ||     4
 Armour: Robe              |     6 |    10 |    59 |    32 ||   107
         Skin              |       |       |       |     1 ||     1
  Dodge: Dodged            |     4 |    15 |   138 |    60 ||   217
   Form: Serpent           |       |     1 |       |       ||     1

Table legend: (Time is in decaauts)
 A = Elapsed time spent in this place.
 B = Non-inter-level travel time spent in this place.
 C = Inter-level travel time spent in this place.
 D = Time resting spent in this place.
 E = Time spent auto-exploring this place.
 F = Levels seen in this place.
 G = Mean time per level.
                   A        B        C        D        E       F      G
               +--------+--------+--------+--------+--------+-----+--------+
         Total |  11051 |  10212 |    839 |   1368 |   7604 |  10 | 1105.1 |
       Dungeon |  11030 |  10209 |    821 |   1368 |   7604 |   9 | 1225.6 |
        Temple |     20 |      2 |     18 |      0 |      0 |   1 |   20.0 |
               +--------+--------+--------+--------+--------+-----+--------+

Top non-repeatable levels by time:
     D:8: 1901 daAuts
     D:7: 1805 daAuts
     D:4: 1404 daAuts
     D:1: 1385 daAuts
     D:3: 1298 daAuts
     D:6: 1146 daAuts
     D:5: 1090 daAuts
     D:2: 837 daAuts
     D:9: 161 daAuts
  Temple: 20 daAuts
